 Dungeon Crawl Stone Soup version 0.22-a0-558-gc224181 (webtiles) character file.

362 Defined the Chopper (level 6, 0/57 HPs)
             Began as a Hill Orc Monk on June 26, 2018.
             Slain by an ogre
             ... wielding a +0 giant club
              (18 damage)
             ... on level 4 of the Dungeon.
             The game lasted 00:13:10 (3531 turns).

Defined the Chopper (Hill Orc Monk)                 Turns: 3531, Time: 00:13:10

Health: 0/57       AC: 12    Str: 15    XL:     6   Next: 66%
Magic:  6/6        EV:  5    Int: 11    God:
Gold:   159        SH:  0    Dex: 13    Spells: 5/5 levels left

rFire    . . .     SeeInvis .   a - +0 hand axe
rCold    . . .     Gourm    .   (no shield)
rNeg     . . .     Faith    .   f - +0 plate armour
rPois    .         Spirit   .   b - +0 helmet
rElec    .         Reflect  .   (no cloak)
rCorr    .         Harm     .   (no gloves)
MR       .....                  (no boots)
Stlth    ..........             (no amulet)
HPRegen  0.19/turn              (no ring)
MPRegen  0.10/turn              (no ring)

@: no status effects
A: no striking features
a: no special abilities


You were on level 4 of the Dungeon.
You were very hungry.

You visited 1 branch of the dungeon, and saw 4 of its levels.
You also visited: Sewer.

You collected 159 gold pieces.

Inventory:

Hand Weapons
 a - a +0 hand axe (weapon)
 h - the +1 long sword of the Ancients {speed, rElec Int+3}
   (You found it in a sewer)

   Attacks with this weapon are significantly faster.
   It affects your intelligence (+3).
   It insulates you from electricity.
Armour
 b - a +0 helmet (worn)
 f - a +0 plate armour (worn)
Jewellery
 o - an uncursed ring of positive energy
Scrolls
 k - a scroll of teleportation
 l - a scroll of identify
 n - a scroll of magic mapping {unknown}
Potions
 d - a potion of mutation {unknown}
 e - 2 potions of haste {unknown}
 g - a potion of agility {unknown}
 i - 2 potions of brilliance {unknown}
 j - a potion of cancellation {unknown}
 m - 3 potions of curing {unknown}
Comestibles
 c - 6 rations


   Skills:
 + Level 5.6 Fighting
 + Level 7.5 Axes
 * Level 2.5 Armour
 - Level 2.4 Dodging
 - Level 1.5 Stealth


You had 5 spell levels left.
You didn't know any spells.
Your spell library was empty.

Dungeon Overview and Level Annotations

Branches:
Dungeon (4/15)
 Temple: D:4-7

Altars:

Annotations:
D:3 exclusion: downstairs
D:4 Grinder, Pikel


Message History

You hit the ogre.
The ogre is lightly wounded.
The ogre hits you with a giant club!
You hit the ogre.
The ogre is moderately wounded.
The ogre hits you but does no damage.
You hit the ogre.
The ogre is moderately wounded.
Your plate armour prevents you from hitting the ogre.
The ogre is moderately wounded.
The ogre hits you with a giant club!
You hit the ogre.
The ogre is moderately wounded.
The ogre hits you with a giant club!
Your plate armour prevents you from hitting the ogre.
The ogre is moderately wounded.
You slash the ogre!
The ogre is heavily wounded.
The ogre hits you with a giant club!!
You die...

#...... ...... #......#
###...... #......#
##.....#...
#......######..........
##..............$.......
........................
........................
.........####...........
..$...O@.# #...........
.........# ##....)..(.(
.........# ##.....#.(.
.........# #####.####
........## ### ##.....##
######


You could see an ogre.

Vanquished Creatures
  2 bullfrogs (Sewer)
  Jessica (D:2)
  A worker ant (D:4)
  Robin (D:4)
  5 adders
  An ooze (D:2)
  A worm (D:4)
  4 dart slugs
  9 leopard geckos
  2 orcs
  7 ball pythons
  7 bats
  8 giant cockroaches
  7 goblins
  9 hobgoblins
  7 jackals
  3 quokkas (D:2)
  11 frilled lizards
  12 kobolds
  5 rats
103 creatures vanquished.

Notes
Turn   | Place    | Note
-------+----------+-------------------------------------------
     0 | D:1      | Defined the Hill Orc Monk began the quest for the Orb.
     0 | D:1      | Reached XP level 1. HP: 19/19 MP: 1/1
    45 | D:1      | Reached XP level 2. HP: 18/27 MP: 2/2
   364 | D:1      | Reached XP level 3. HP: 30/34 MP: 3/3
   550 | D:2      | Noticed Jessica
   571 | D:2      | Killed Jessica
   571 | D:2      | Reached skill level 5 in Axes
   571 | D:2      | Reached XP level 4. HP: 31/41 MP: 4/4
  1106 | D:2      | Reached skill level 5 in Fighting
  1575 | D:2      | Reached skill level 6 in Axes
  1823 | D:3      | Reached XP level 5. HP: 46/48 MP: 5/5
  2548 | D:4      | Reached skill level 1 in Armour
  2584 | D:4      | Noticed Robin
  2603 | D:4      | Killed Robin
  2641 | D:4      | Found a glowing drain.
  2657 | Sewer    | Entered a sewer
  2978 | Sewer    | Reached XP level 6. HP: 49/56 MP: 6/6
  3041 | Sewer    | Reached skill level 7 in Axes
  3129 | Sewer    | Got a pitted long sword
  3132 | Sewer    | Identified the +1 long sword of the Ancients {speed, rElec Int+3} (You found it in a sewer)
  3350 | D:4      | Noticed Pikel
  3350 | D:4      | Noticed a slave
  3350 | D:4      | Noticed a phantom
  3350 | D:4      | Noticed Grinder
  3352 | D:4      | Noticed a slave
  3353 | D:4      | Paralysed by Grinder for 4 turns
  3354 | D:4      | Noticed a slave
  3356 | D:4      | Noticed a slave
  3372 | D:4      | Paralysed by Grinder for 5 turns
  3531 | D:4      | Slain by an ogre

Vault maps used:
D:1:      saegor_arrival_simple_d
D:2:      serial_bayou_ford_a, uniq_jessica
D:3:      first_ration
D:4:      portal_sewer_entry_a, eino_small_chamber_without_monster, uniq_pikel,
          uniq_grinder, uniq_robin, uniq_crazy_yiuf_cottage
Sewer:    sewer_frog_island_01

Skill      XL: |  1  2  3  4  5  6 |
---------------+-------------------+-----
Fighting       | 4 5 |  5.6
Axes           | 5 6 7 |  7.5
Armour         | 1 2 |  2.5
Dodging        | |  2.4
Stealth        | |  1.5

Action                   |  1- 3 |  4- 6 || total
-------------------------+-------+-------++-------
Melee: Hand axe          |    65 |   333 ||   398
  Use: Scroll            |       |     7 ||     7
 Stab: Sleeping          |     2 |     4 ||     6
  Eat: Chunk             |       |     8 ||     8
Armor: Robe              |    15 |    17 ||    32
       Scale mail        |       |    22 ||    22
       Plate armour      |       |   121 ||   121
Dodge: Dodged            |    57 |   122 ||   179

Table legend:
 A = Spawn XP
 B = Non-spawn XP
 C = Spawn XP percentage of total XP
 D = Spawn monster count
 E = Non-spawn monster count
 F = Spawn count percentage of total count
 G = Total turns spent on level
                    A         B        C        D         E        F      G
               +---------+---------+-------+---------+---------+-------+---------
         Total |       0 |     518 |   0.0 |       0 |     103 |   0.0 |  3531
               +---------+---------+-------+---------+---------+-------+---------
           D:1 |       0 |      41 |   0.0 |       0 |      22 |   0.0 |   521
           D:2 |       0 |     111 |   0.0 |       0 |      31 |   0.0 |  1097
           D:3 |       0 |      47 |   0.0 |       0 |      13 |   0.0 |   831
           D:4 |       0 |      82 |   0.0 |       0 |      18 |   0.0 |   394
         Sewer |       0 |     237 |   0.0 |       0 |      19 |   0.0 |   688
               +---------+---------+-------+---------+---------+-------+---------
